 Dungeon Crawl Stone Soup version 0.31-a0-237-g2d982f9f85 (webtiles) character file.

Game seed: 14530157004768754798

6542 qw the Skirmisher (level 11, -4/68 HPs)
             Began as a Gargoyle Hexslinger on July 11, 2023.
             Was an Elder of Okawaru.
             Slain by a yak (13 damage)
             ... on level 9 of the Dungeon.
             The game lasted 00:03:02 (7105 turns).

qw the Skirmisher (Gargoyle Hexslinger)             Turns: 7105, Time: 00:03:03

Health: -4/68      AC: 15    Str: 19    XL:     11   Next: 1%
Magic:  13/15      EV: 17    Int: 13    God:    Okawaru [****..]
Gold:   704        SH:  0    Dex: 16    Spells: 11/12 levels left

rFire   . . .        Y - +2 orcbow (flame)
rCold   + . .        (shield currently unavailable)
rNeg    + . .        a - +2 robe {rC+}
rPois   inf          t - +2 hat
rElec   +            (no cloak)
rCorr   .            (no gloves)
SInv    +            g - +0 pair of boots
Will    .....        m - amulet of faith
Stlth   +++          k - ring of see invisible
HPRegen 0.31/turn    d - +6 ring of strength
MPRegen 0.14/turn

%: faith
@: heroic
A: sickness immunity, AC +8, negative energy resistance 1, electricity
resistance, torment resistance 1, petrification resistance
a: Renounce Religion, Heroism, Finesse


You were on level 9 of the Dungeon.
You worshipped Okawaru.
Okawaru was greatly pleased with you.
You visited 1 branch of the dungeon, and saw 9 of its levels.
You also visited: Sewer and Ossuary.

You collected 704 gold pieces.


Innate Abilities, Weirdness & Mutations

You are immune to sickness and miasma.
Your stone body is resilient. (AC +8)
You are immune to poison.
You resist negative energy. (rN+)
You are resistant to electric shocks. (rElec)
You are resistant to unholy torment.
You are immune to petrification.


   Skills:
 - Level 8.1(13.1) Fighting
 - Level 12.6(17.6) Ranged Weapons
 - Level 1.7(6.7) Armour
 + Level 3.9(8.9) Dodging
 - Level 1.0 Spellcasting
 - Level 2.6 Hexes
 + Level 6.1 Invocations


You had 11 spell levels left.
You knew the following spells:

 Your Spells              Type           Power      Damage    Failure   Level
a - Slow                  Hex            28%        N/A       10%         1

Your spell library contained the following spells:

 Spells                   Type           Power      Damage    Failure   Level
 Inner Flame              Hex/Fire       4%         N/A       43%         3
 Portal Projectile        Hex/Tloc       8%         N/A       43%         3
 Cause Fear               Hex            3%         N/A       67%         4

Inventory:

Hand Weapons
 Y - a +2 orcbow of flaming (weapon)
Armour
 a - a +2 robe of cold resistance (worn)
 g - a +0 pair of boots (worn)
 n - +0 swamp dragon scales
 t - a +2 hat (worn)
Jewellery
 d - a +6 ring of strength (right hand)
 f - a ring of fire
 k - a ring of see invisible (left hand)
 m - an amulet of faith (around neck)
Scrolls
 j - 3 scrolls of identify
Potions
 b - 4 potions of curing
 e - 4 potions of might
 h - a potion of mutation
 i - 2 potions of heal wounds
 l - 3 potions of haste
 o - a potion of cancellation
 q - 2 potions of enlightenment

Dungeon Overview and Level Annotations

Branches:
Dungeon (9/15)             Temple (0/1) D:6           Sewer (visited)
Ossuary (visited)
   Lair: D:8-11         Orc: D:9-12

Altars:
Cheibriados
Elyvilon
Kikubaaqudgha
Makhleb
Okawaru
Qazlal
Uskayaw
Vehumet
Zin
The Shining One


Message History

There is a stone staircase leading down here.
Things that are here:
a +1 dire flail; a +0 robe
Things that are here:
a +4 short sword; a +0 robe; a yak corpse Done exploring.
(D) Dungeon (T) Temple
Where to? (* - list waypoints, Enter - D:9, ? - help)
What level of the Dungeon? (default 1, ? - help)
There is a stone staircase leading down here.
Things that are here:
a +1 dire flail; a +0 robe You climb downwards.
The troll closely misses you. The troll barely misses you.
The troll claws you but does no damage. The yak gores you but does no damage.
The yak misses you. The yak barely misses you.
The yak bellows!
There is a stone staircase leading up here.
7102 ||| INVOKING Heroism.
You gain the combat prowess of a mighty hero.
The troll barely misses you.
The troll claws you but does no damage. x2
The yak misses you. The yak completely misses you.
The troll closely misses you. The troll claws you but does no damage.
The troll closely misses you. The yak misses you. x2
You shoot an arrow. The arrow hits the troll!
The arrow burns the troll.
The troll is heavily wounded.
The troll bites you but does no damage. The troll claws you.
The troll claws you but does no damage. The yak misses you.
The yak barely misses you. x2; The yak closely misses you.
The troll bites you! The troll claws you!
The troll claws you but does no damage.
You shoot an arrow.
The arrow hits the troll but does no damage.
The troll is moderately wounded.
The troll closely misses you. The troll claws you!
The troll closely misses you. The yak gores you but does no damage.
The yak misses you. The yak gores you! x2
The troll barely misses you. The troll completely misses you.
The troll barely misses you.
7105 ||| STAIRDANCE The troll closely misses you.
The troll misses you. The troll claws you. The yak gores you.
The yak misses you. The yak gores you!
You die...

#############
>...........
...........
#..........
#..........
#.YYT......
#.<@T......
#.YY.......
.............
...............
#########......
..#### ..# ..#


You could see 4 yaks and 2 trolls.

Vanquished Creatures
  Gastronok (D:8)
  Pikel (D:5)
  Maggie (D:8)
  Grinder (D:3)
  A troll (D:5)
  4 yaks (D:8)
  A steam dragon (D:8)
  4 water moccasins
  4 ice beasts
  2 black bears
  An orc warrior (D:7)
  5 centaurs
  2 lemures (D:5)
  A phantom (D:4)
  4 kobold brigands (Sewer)
  3 bullfrogs
  4 scorpions
  6 wights
  3 howler monkeys
  4 orc priests
  A gnoll bouda (D:6)
  3 hounds
  4 jellies
  2 iguanas (D:6)
  2 sleepcaps
  Terence (D:3)
  Natasha (twice) (D:3)
  6 orc wizards
  A statue (D:6)
  8 mummies (Ossuary)
  6 gnolls
  2 adders (D:5)
  4 river rats (D:6)
  2 white imps (D:6)
  2 ufetubi (D:5)
  A worm (D:2)
  2 dart slugs (D:4)
  24 orcs
  3 endoplasms
  3 giant cockroaches
  6 goblins
  7 hobgoblins
  8 jackals (D:4)
  4 quokkas
  7 ball pythons
  8 bats
  4 frilled lizards
  2 gnoll zombies (Ossuary)
  A hobgoblin zombie (Ossuary)
  14 kobolds
  4 kobold zombies (Ossuary)
  An orc zombie (Ossuary)
  9 rats
207 creatures vanquished.

Notes
Turn   | Place    | Note
-------+----------+-------------------------------------------
     0 | D:1      | qw the Gargoyle Hexslinger began the quest for the Orb.
     0 | D:1      | Reached XP level 1. HP: 12/12 MP: 2/2
     0 | D:1      | 0 ||| qw: Version: 0.3-a-52-g30416fa
     0 | D:1      | 0 ||| qw: Game counter: 5610
     0 | D:1      | 0 ||| qw: Melee chars always use a shield: true
     0 | D:1      | 0 ||| qw: God list: Okawaru
     0 | D:1      | 0 ||| qw: Allow faded altars: false
     0 | D:1      | 0 ||| qw: Do Orc after clearing Dungeon:15 true
     0 | D:1      | 0 ||| qw: Do second Lair branch before Depths: true
     0 | D:1      | 0 ||| qw: Lair rune preference: random
     0 | D:1      | 0 ||| qw: Goals: Normal
     0 | D:1      | 0 ||| PLANNING D:1-11
    90 | D:1      | Found a faded altar of an unknown god.
   220 | D:1      | Reached XP level 2. HP: 16/16 MP: 3/3
   276 | D:1      | Reached skill level 3 in Ranged Weapons
   763 | D:1      | 763 ||| DROPPING ring of wizardry.
   764 | D:1      | 764 ||| READING scroll labelled ICWADEAHAL.
   764 | D:1      | Identified a scroll of acquirement
   764 | D:1      | 764 ||| ACQUIRING +1 orcbow of flaming
   764 | D:1      | Acquired a +1 orcbow of flaming
   766 | D:1      | 766 ||| SWAPPING to +1 orcbow of flaming.
   767 | D:1      | 767 ||| DROPPING +1 sling.
   768 | D:1      | 768 ||| DRINKING 2 viscous blue potions.
   805 | D:1      | 805 ||| DROPPING scroll of poison.
   806 | D:1      | 806 ||| DROPPING potion of lignification.
   841 | D:2      | Reached XP level 3. HP: 21/21 MP: 4/4
  1261 | D:2      | 1261 ||| UPGRADING to +0 pair of boots.
  1266 | D:2      | 1266 ||| READING scroll labelled QAICSY XOUMPIJ.
  1267 | D:2      | 1267 ||| READING scroll labelled ALIOC QIACZEN.
  1290 | D:3      | Found a hide-covered altar of Uskayaw.
  1357 | D:3      | Found an iron altar of Okawaru.
  1357 | D:3      | Found a burning altar of Makhleb.
  1357 | D:3      | Found a snail-covered altar of Cheibriados.
  1357 | D:3      | Found an ancient bone altar of Kikubaaqudgha.
  1358 | D:3      | 1358 ||| PLANNING OKAWARU WORSHIP
  1358 | D:3      | 1358 ||| UPGRADING to +0 leather armour.
  1368 | D:3      | 1368 ||| DROPPING +0 robe.
  1369 | D:3      | 1369 ||| UPGRADING to ring of see invisible.
  1370 | D:3      | 1370 ||| DRINKING 2 dark potions.
  1374 | D:3      | Became a worshipper of Warmaster Okawaru
  1375 | D:3      | 1375 ||| PLANNING D:1-11
  1379 | D:3      | Found a white marble altar of Elyvilon.
  1379 | D:3      | Found a stormy altar of Qazlal.
  1502 | D:3      | 1502 ||| Stepping ~*~*~tactically~*~*~ (outnumbered).
  1504 | D:3      | 1504 ||| Stepping ~*~*~tactically~*~*~ (outnumbered).
  1555 | D:3      | Noticed Natasha
  1562 | D:3      | Killed Natasha
  1563 | D:3      | Reached skill level 4 in Ranged Weapons
  1563 | D:3      | Reached XP level 4. HP: 16/26 MP: 5/5
  1661 | D:3      | Noticed Terence
  1665 | D:3      | 1665 ||| Stepping ~*~*~tactically~*~*~ (outnumbered).
  1672 | D:3      | Killed Terence
  1695 | D:3      | Noticed Natasha
  1696 | D:3      | Killed Natasha
  1697 | D:3      | Reached XP level 5. HP: 30/30 MP: 6/6
  1814 | D:3      | Reached skill level 5 in Ranged Weapons
  1889 | D:3      | Noticed Grinder
  1906 | D:3      | Paralysed by Grinder for 4 turns
  1910 | D:3      | Killed Grinder
  1910 | D:3      | Reached * piety under Okawaru
  1911 | D:3      | Reached XP level 6. HP: 38/40 MP: 7/7
  2117 | D:3      | 2117 ||| READING scroll labelled KYIZ BOMAHADGH.
  2118 | D:3      | 2118 ||| DRINKING 3 green potions.
  2167 | D:4      | 2167 ||| INVOKING Heroism.
  2176 | D:4      | Reached skill level 1 in Invocations
  2185 | D:4      | Reached XP level 7. HP: 36/44 MP: 6/8
  2434 | D:4      | 2434 ||| INVOKING Heroism.
  2442 | D:4      | Reached skill level 6 in Ranged Weapons
  2445 | D:4      | 2445 ||| INVOKING Heroism.
  2521 | D:4      | 2521 ||| INVOKING Heroism.
  2922 | D:4      | Reached skill level 1 in Armour
  3009 | D:4      | 3009 ||| UPGRADING to +0 helmet.
  3014 | D:4      | 3014 ||| READING scroll labelled OQELA KUM VIEB.
  3015 | D:4      | 3015 ||| READING scroll labelled ASTRYB YL TAI.
  3016 | D:4      | 3016 ||| READING 2 scrolls of identify.
  3016 | D:4      | 3016 ||| IDENTIFYING fuming sapphire potion
  3017 | D:4      | 3017 ||| DROPPING potion of brilliance.
  3039 | D:5      | Entered Level 5 of the Dungeon
  3040 | D:5      | 3040 ||| PLANNING OSSUARY
  3041 | D:5      | 3041 ||| INVOKING Heroism.
  3058 | D:5      | Reached skill level 3 in Invocations
  3076 | D:5      | Noticed Pikel
  3077 | D:5      | 3077 ||| INVOKING Heroism.
  3096 | D:5      | Killed Pikel
  3096 | D:5      | Reached ** piety under Okawaru
  3097 | D:5      | Reached skill level 7 in Ranged Weapons
  3097 | D:5      | Reached XP level 8. HP: 23/48 MP: 9/11
  3253 | D:5      | Found a sand-covered staircase.
  3254 | D:5      | 3254 ||| UPGRADING to +2 robe of cold resistance.
  3264 | D:5      | 3264 ||| DROPPING +0 leather armour.
  3269 | Ossuary  | Entered an ossuary
  3452 | Ossuary  | 3452 ||| READING scroll labelled REROUBB CAGGILEKUB.
  3453 | Ossuary  | 3453 ||| READING scroll labelled EDEERO OTHYSKEO.
  3454 | Ossuary  | 3454 ||| READING scroll labelled WOUCLAKHL FEWNIGE.
  3455 | Ossuary  | 3455 ||| DRINKING 2 amethyst potions.
  3456 | Ossuary  | 3456 ||| DRINKING 2 sapphire potions.
  3457 | Ossuary  | 3457 ||| READING 3 scrolls of identify.
  3457 | Ossuary  | 3457 ||| IDENTIFYING emerald potion
  3458 | Ossuary  | 3458 ||| READING 2 scrolls of identify.
  3458 | Ossuary  | 3458 ||| IDENTIFYING golden potion
  3459 | Ossuary  | 3459 ||| DROPPING potion of invisibility.
  3460 | Ossuary  | 3460 ||| DROPPING potion of degeneration.
  3486 | D:5      | 3486 ||| PLANNING D:1-11
  3510 | D:5      | Found a glowing silver altar of Zin.
  3597 | D:5      | Reached skill level 8 in Ranged Weapons
  3648 | D:5      | 3648 ||| INVOKING Heroism.
  3880 | D:5      | Noticed a troll
  3881 | D:5      | 3881 ||| INVOKING Heroism.
  3884 | D:5      | HP: 11/49 [centaur (3)]
  3885 | D:5      | 3885 ||| READING scroll of teleportation.
  3886 | D:5      | 3886 ||| DRINKING 2 potions of heal wounds.
  3887 | D:5      | Killed a troll
  3888 | D:5      | Reached XP level 9. HP: 23/54 MP: 9/12
  3890 | D:5      | Reached skill level 9 in Ranged Weapons
  4067 | D:5      | 4067 ||| READING scroll labelled ZIP ITOIFOUX.
  4121 | D:6      | 4121 ||| PLANNING SEWER
  4127 | D:6      | Found a radiant altar of Vehumet.
  4165 | D:6      | 4165 ||| INVOKING Heroism.
  4185 | D:6      | Found a staircase to the Ecumenical Temple.
  4199 | D:6      | 4199 ||| INVOKING Heroism.
  4202 | D:6      | Reached skill level 6 in Fighting
  4305 | D:6      | 4305 ||| INVOKING Heroism.
  4367 | D:6      | 4367 ||| INVOKING Heroism.
  4496 | D:6      | Reached skill level 10 in Ranged Weapons
  4498 | D:6      | Found a glowing drain.
  4499 | D:6      | 4499 ||| READING scroll labelled ITEHESMA PAEW.
  4500 | D:6      | 4500 ||| READING 3 scrolls of identify.
  4500 | D:6      | 4500 ||| IDENTIFYING glowing emerald potion
  4518 | Sewer    | Entered a sewer
  4638 | Sewer    | 4638 ||| Stepping ~*~*~tactically~*~*~ (water).
  4652 | Sewer    | 4652 ||| Stepping ~*~*~tactically~*~*~ (water).
  4664 | Sewer    | Reached skill level 3 in Dodging
  4715 | Sewer    | Reached *** piety under Okawaru
  4716 | Sewer    | 4716 ||| INVOKING Heroism.
  4815 | D:6      | 4815 ||| PLANNING D:1-11
  4863 | D:6      | 4863 ||| INVOKING Heroism.
  5209 | D:7      | 5209 ||| INVOKING Heroism.
  5349 | D:7      | 5349 ||| INVOKING Heroism.
  5357 | D:7      | Reached XP level 10. HP: 63/63 MP: 10/13
  5452 | D:7      | Reached skill level 11 in Ranged Weapons
  5496 | D:7      | 5496 ||| Stepping ~*~*~tactically~*~*~ (outnumbered).
  5500 | D:7      | 5500 ||| DRINKING 4 potions of curing.
  5500 | D:7      | 5500 ||| (to cure confusion)
  5502 | D:7      | 5502 ||| Stepping ~*~*~tactically~*~*~ (outnumbered).
  5804 | D:7      | 5804 ||| UPGRADING to +6 ring of strength.
  5805 | D:7      | 5805 ||| READING 4 scrolls of identify.
  5805 | D:7      | 5805 ||| IDENTIFYING fizzy yellow potion
  5933 | D:8      | 5933 ||| Stepping ~*~*~tactically~*~*~ (outnumbered).
  6041 | D:8      | Noticed Maggie
  6043 | D:8      | 6043 ||| FLEEEEING.
  6061 | D:8      | 6061 ||| INVOKING Heroism.
  6061 | D:8      | HP: 10/64 [Maggie/bolt of fire (23)]
  6062 | D:8      | 6062 ||| DRINKING 4 potions of heal wounds.
  6073 | D:8      | Killed Maggie
  6292 | D:8      | 6292 ||| INVOKING Heroism.
  6296 | D:8      | 6296 ||| Stepping ~*~*~tactically~*~*~ (cloud).
  6362 | D:8      | Noticed Gastronok
  6363 | D:8      | 6363 ||| INVOKING Heroism.
  6379 | D:8      | Killed Gastronok
  6379 | D:8      | Reached **** piety under Okawaru
  6380 | D:8      | Reached skill level 12 in Ranged Weapons
  6513 | D:8      | Found a glowing golden altar of the Shining One.
  6687 | D:8      | 6687 ||| DROPPING +2 ring mail of poison resistance.
  6688 | D:8      | 6688 ||| UPGRADING to +2 hat.
  6698 | D:8      | 6698 ||| DROPPING +0 helmet.
  6699 | D:8      | 6699 ||| UPGRADING to amulet of faith.
  6704 | D:8      | 6704 ||| DROPPING amulet of magic regeneration.
  6705 | D:8      | 6705 ||| READING scroll labelled JYLOIM NAWNU UZEI.
  6745 | D:9      | 6745 ||| STAIRDANCE
  6747 | D:8      | 6747 ||| INVOKING Heroism.
  6749 | D:8      | HP: 12/64 [wight/+2 mace (7)]
  6750 | D:8      | 6750 ||| READING scroll of teleportation.
  6750 | D:8      | HP: 5/64 [yak (7)]
  6751 | D:8      | 6751 ||| DRINKING 3 potions of heal wounds.
  6910 | D:9      | 6910 ||| STAIRDANCE
  6912 | D:8      | 6912 ||| INVOKING Heroism.
  6931 | D:8      | Reached skill level 6 in Invocations
  6931 | D:8      | 6931 ||| FLEEEEING.
  6935 | D:8      | Reached XP level 11. HP: 23/68 MP: 15/15
  6940 | D:8      | 6940 ||| INVOKING Heroism.
  7102 | D:9      | 7102 ||| INVOKING Heroism.
  7104 | D:9      | HP: 13/68 [yak (7)]
  7105 | D:9      | 7105 ||| STAIRDANCE
  7105 | D:9      | Slain by a yak

Levels and vault maps discovered:
D:1:      dpeg_arrival_round_c, layout_basic,
          chequers_ecumenical_altar_simple_redux
D:2:      layout_basic, lemuel_flame_loot_1
D:3:      layout_loops_ring, eat_drink_and_be_merry_uskayaw,
          minmay_overflow_temple_hex, dk_noncrumbling_2, uniq_natasha,
          uniq_terence, uniq_grinder
D:4:      wad_pebble_path, layout_basic, hangedman_decor_peaks_small
D:5:      layout_cave_pools, zin_statuary, nicolae_ossuary_entry_plus,
          moated_statue, kennysheep_pointless_box, minmay_manual_macuahuitl,
          uniq_pikel
D:6:      layout_loops_ring, vehumet_statue, minmay_temple_entry_junction,
          portal_sewer_entry_a
D:7:      layout_rooms, serial_aquarium, aquarium_bridge_square
          [aquarium_subvault_bridge, aquarium_subvault_wall,
          aquarium_subvault_balcony, aquarium_subvault_wall],
          aquarium_window_fake, aquarium_window_1, aquarium_view_2b,
          aquarium_view_2e, aquarium_balcony_3b, aquarium_pool_four
D:8:      layout_basic, mainiacjoe_overflow_24_doors, minmay_circle_x,
          uniq_gastronok, uniq_maggie
D:9:      layout_long_grid, nzn_overflow_gifts_of_might_and_magic,
          lemuel_coloured_pillars_altar, mainiacjoe_overflow_two_lobes

Skill      XL: |  1  2  3  4  5  6  7  8  9 10 |
---------------+-------------------------------+-----
Ranged Weapons | 3 4 5 7 8 10 12 | 12.6
Fighting       | 2 4 5 7 8 |  8.1
Invocations    | 1 4 6 |  6.1
Armour         | 1 |  1.7
Dodging        | 2 3 |  3.9
Spellcasting   | |  1.0
Hexes          | |  2.6

Action                     |  1- 3 |  4- 6 |  7- 9 | 10-12 || total
---------------------------+-------+-------+-------+-------++-------
   Fire: Sling             |    65 |       |       |       ||    65
         Orcbow            |    28 |    63 |   380 |   151 ||   622
 Invoke: Heroism           |       |     1 |    15 |     7 ||    23
    Use: Scroll            |     3 |     1 |    12 |     3 ||    19
         Potion            |     2 |     1 |     3 |     3 ||     9
 Armour: Robe              |     8 |       |    64 |    44 ||   116
         Leather armour    |     2 |    16 |    22 |       ||    40
  Dodge: Dodged            |    23 |    28 |   135 |    76 ||   262

Table legend:
 A = Non-vault XP
 B = Vault XP
 C = Vault XP percentage of total XP
 D = Non-vault monster count
 E = Vault monster count
 F = Vault count percentage of total count
                 A         B        C        D         E       F
            +---------+---------+-------+---------+---------+-------
      Total |    4680 |    4667 |  49.9 |     140 |      65 |  31.7
            +---------+---------+-------+---------+---------+-------
        D:1 |      32 |       0 |   0.0 |      21 |       0 |   0.0
        D:2 |      17 |       0 |   0.0 |       7 |       0 |   0.0
        D:3 |     135 |     371 |  73.3 |      10 |       3 |  23.1
        D:4 |     370 |       0 |   0.0 |      28 |       0 |   0.0
        D:5 |     243 |    1205 |  83.2 |      11 |       7 |  38.9
        D:6 |     959 |      86 |   8.2 |      24 |       7 |  22.6
        D:7 |    1167 |       0 |   0.0 |      24 |       0 |   0.0
        D:8 |    1757 |    2443 |  58.2 |      15 |       7 |  31.8
      Sewer |       0 |     410 | 100.0 |       0 |      25 | 100.0
    Ossuary |       0 |     152 | 100.0 |       0 |      16 | 100.0
            +---------+---------+-------+---------+---------+-------
